 Dungeon Crawl Stone Soup version 0.26.1-11-gd32895ea62 (webtiles) character file.

Game seed: 17814228341500580076

15819 Zeld the Geomancer (level 12, -9/72 HPs)
             Began as a Gargoyle Earth Elementalist on June 14, 2021.
             Was a Priest of Sif Muna.
             Mangled by Rupert
             ... wielding a +2 vorpal great mace
              (21 damage)
             ... on level 12 of the Dungeon.
             The game lasted 00:26:40 (25290 turns).

Zeld the Geomancer (Gargoyle Earth Elementalist)   Turns: 25290, Time: 00:26:40

Health: -9/72      AC: 21    Str: 13    XL:     12   Next: 31%
Magic:  4/25       EV: 14    Int: 20    God:    Sif Muna [***...]
Gold:   844        SH:  4    Dex: 10    Spells: 14/29 levels left

rFire    . . .     SeeInvis +   a - +8 whip "Snakebite" {curare, rPois}
rCold    + + +     Faith    .   r - +0 buckler
rNeg     + . .     Spirit   .   I - +4 skin of Zhor {Englaciate rC+++ SInv}
rPois    ∞         Reflect  .   (no helmet)
rElec    +         Harm     .   l - +0 cloak
rCorr    .         Rampage  .   m - +2 pair of gloves
Will     .....                  C - +2 pair of boots
Stlth    +++.......             (no amulet)
HPRegen  0.22/turn              (no ring)
MPRegen  0.19/turn              (no ring)

@: about to teleport
A: negative energy resistance 1, electricity resistance, unbreathing,
petrification resistance, miasma immunity, AC +8
a: Renounce Religion, Channel Magic, Forget Spell


You were on level 12 of the Dungeon.
You worshipped Sif Muna.
Sif Muna was most pleased with you.
You visited 2 branches of the dungeon, and saw 13 of its levels.
You also visited: Sewer.

You collected 844 gold pieces.

Inventory:

Hand Weapons
 a - the +8 whip "Snakebite" (weapon) {curare, rPois}
   (You found it on level 7 of the Dungeon)

   It poisons the flesh of those it strikes.
   It protects you from poison.
Missiles
 f - 327 stones (quivered)
Armour
 l - a +0 cloak (worn)
 m - a +2 pair of gloves (worn)
 r - a +0 buckler (worn)
 C - a +2 pair of boots (worn)
 I - the +4 skin of Zhor (worn) {Englaciate rC+++ SInv}
   (You found it on level 11 of the Dungeon)

   It renders you almost immune to cold.
   It lets you see invisible.
Jewellery
 z - an uncursed ring of protection from cold
Wands
 b - a wand of digging (2)
 n - a wand of polymorph (11)
 w - a wand of paralysis (5)
 G - a wand of iceblast (1)
Scrolls
 d - 3 scrolls of enchant weapon
 i - 4 scrolls of remove curse
 q - a scroll of brand weapon
 s - 6 scrolls of fear
 u - 5 scrolls of teleportation
 B - a scroll of magic mapping
 H - a scroll of enchant armour
Potions
 e - a potion of magic
 g - 2 potions of ambrosia
 h - 3 potions of brilliance
 k - a potion of heal wounds {unknown}
 o - 2 potions of cancellation {unknown}
 p - 2 potions of might {unknown}
 t - 3 potions of haste {unknown}
 v - 4 potions of flight {unknown}
 x - 8 potions of curing {unknown}
 A - a potion of resistance {unknown}
 E - a potion of lignification {unknown}
 F - a potion of invisibility {unknown}
 J - a potion of degeneration {unknown}


   Skills:
 + Level 7.5 Fighting
 + Level 6.0 Dodging
 - Level 5.0 Stealth
 - Level 4.0 Shields
 * Level 9.4 Spellcasting
 + Level 7.1 Conjurations
 - Level 1.0 Transmutations
 * Level 12.2 Earth Magic
 + Level 5.2 Invocations


You had 14 spell levels left.
You knew the following spells:

 Your Spells              Type           Power        Failure   Level
a - Sandblast             Erth           100%         1%          1
b - Passwall              Tmut/Erth      29%          1%          2
c - Stone Arrow           Conj/Erth      96%          1%          3
d - Petrify               Tmut/Erth      35%          4%          4
e - Lee's Rapid Deconstr  Erth           27%          1%          5

Your spell library contained the following spells:

 Spells                   Type           Power        Failure   Level
 Beastly Appendage        Tmut           26%          4%          1
 Dazzling Flash           Conj/Hex       46%          4%          3
 Animate Skeleton         Necr           18%          8%          1
 Corona                   Hex            10%          8%          1
 Pain                     Necr           36%          8%          1
 Wereblood                Tmut           13%          8%          2
 Corpse Rot               Necr/Air       N/A          11%         2
 Ensorcelled Hibernation  Hex/Ice        18%          11%         2
 Spider Form              Tmut/Pois      5%           19%         3
 Confusing Touch          Hex            9%           22%         3
 Gell's Gravitas          Tloc           4%           22%         3
 Tukima's Dance           Hex            9%           22%         3
 Vampiric Draining        Necr           4%           22%         3
 Ice Form                 Ice/Tmut       11%          52%         4
 Animate Dead             Necr           4%           58%         4
 Dispel Undead            Necr           9%           58%         4
 Blade Hands              Tmut           6%           80%         5
 Yara's Violent Unravell  Hex/Tmut       5%           86%         5
 Agony                    Necr           9%           90%         5
 Excruciating Wounds      Necr           4%           90%         5
 Metabolic Englaciation   Hex/Ice        4%           90%         5
 Freezing Cloud           Conj/Ice/Air   9%           99%         6
 Ozocubu's Refrigeration  Ice            4%           100%        6
 Simulacrum               Ice/Necr       4%           100%        6
 Sublimation of Blood     Necr           Unusable     N/A         2

Dungeon Overview and Level Annotations

Branches:
Dungeon (12/15)            Temple (1/1) D:6            Lair (0/6) D:8
    Orc (0/2) D:10          Sewer (visited)

Altars:
Ashenzari
Cheibriados
Dithmenos
Elyvilon
Fedhas
Gozag
Hepliaklqana
Kikubaaqudgha
Makhleb
Nemelex Xobeh
Okawaru
Qazlal
Ru
Sif Muna
Trog
Uskayaw
Vehumet
Wu Jian
Xom
Yredelemnul
Zin
The Shining One

Shops:
D:10 (

Portals:
Trove: D:12 (give +5 ice dragon scales)

Annotations:
D:12 Rupert


Innate Abilities, Weirdness & Mutations

You are resistant to torment.
Your stone body is resilient. (AC +8)
You are immune to poison.
You resist negative energy. (rN+)
You are resistant to electric shocks. (rElec)
You can survive without breathing.
You are immune to petrification.
You are immune to miasma.


Message History

The mass of ice explodes!
The iceblast engulfs Rupert.
Rupert is severely wounded.
Unknown command.
Aiming: Iceblast
Press: ? - help, Shift-Dir - straight line, f/p - Rupert
Aim: Rupert, wielding a +2 vorpal great mace and wearing a +0 scale mail (severely wounded, berserk)
The mass of ice explodes!
The iceblast engulfs Rupert!
Rupert is severely wounded.
Unknown command.
Unknown command.
As you read the scroll of fear, it crumbles to dust.
You assume a fearsome visage.
Rupert resists with almost no effort.
Rupert hits you with a +2 vorpal great mace.
Unknown command.
As you read the scroll of teleportation, it crumbles to dust.
You feel strangely unstable.
Rupert hits you with a +2 vorpal great mace!
* * * LOW HITPOINT WARNING * * *
x2 Rupert hits you with a +2 vorpal great mace!!
You die...

...................#
...................#
...................# ......
.....§.............########.....
..........................#....#
................).........#....#
....................((÷...#....#
...................####'###....#
...............@@..#...........#
...................#...........##
...................#......>......
.....................†....#......
..........................#......
.....................#......
#....................#......
...........########...... ...
######.


You could see Rupert (berserk).

Vanquished Creatures
  Nessos (D:12)
  Josephine (D:10)
  A centaur warrior (D:11)
  A deep troll earth mage (D:11)
  An unseen horror (D:12)
  The ghost of Pepete the Covered, a novice BaFi of Okawaru (D:7)
  2 ugly things
  A manticore (D:11)
  Joseph (D:7)
  A gargoyle (D:11)
  Maggie (D:6)
  A komodo dragon (D:12)
  A troll (D:10)
  A shadow (D:12)
  5 wraiths
  A yak (shapeshifter) (D:11)
  Sigmund (D:6)
  A wyvern (D:12)
  2 steam dragons (D:10)
  A yak (D:7)
  Grum (D:10)
  5 orc warriors
  An eye of draining (D:10)
  4 ice beasts
  2 black bears
  A hornet zombie (D:11)
  A phantom (D:6)
  2 sky beasts
  A necrophage (D:10)
  2 wolves (D:10)
  A boggart (D:11)
  7 ogres
  12 centaurs
  3 big kobolds
  4 bullfrogs
  A wyvern zombie (D:10)
  8 scorpions
  10 killer bees
  9 wights
  2 howler monkeys
  A centaur zombie (D:11)
  5 jellies
  A quasit (D:4)
  5 centaur skeletons
  Crazy Yiuf (D:2)
  4 bullfrog zombies
  5 orc priests
  4 hounds
  A bullfrog skeleton (D:8)
  3 iguanas
  14 orc wizards
  7 worker ants
  A killer bee zombie (D:6)
  3 hound skeletons
  A worker ant zombie (D:6)
  A howler monkey skeleton (D:9)
  A howler monkey zombie (D:8)
  4 gnolls (D:7)
  12 adders
  A river rat (Sewer)
  3 shadow imps
  A white imp (D:5)
  3 ufetubi
  An adder zombie (D:7)
  2 adder skeletons (D:7)
  2 worms
  3 dart slugs
  9 leopard geckos
  47 orcs
  3 ball pythons
  4 bats
  5 giant cockroaches
  7 goblins
  8 hobgoblins
  16 jackals
  2 quokkas
  7 frilled lizards
  2 jackal skeletons
  28 kobolds
  A leopard gecko zombie (D:7)
  A quokka zombie (D:8)
  12 rats
345 creatures vanquished.

Vanquished Creatures (others)
  2 fungi
  6 plants
8 creatures vanquished.

Grand Total: 353 creatures vanquished

Notes
Turn   | Place    | Note
-------+----------+-------------------------------------------
     0 | D:1      | Zeld the Gargoyle Earth Elementalist began the quest for
                  | the Orb.
     0 | D:1      | Reached XP level 1. HP: 10/10 MP: 3/3
   330 | D:1      | Reached XP level 2. HP: 15/15 MP: 0/5
   728 | D:1      | Reached skill level 1 in Transmutations
   908 | D:1      | Reached XP level 3. HP: 20/20 MP: 4/6
   911 | D:1      | Learned a level 2 spell: Passwall
   915 | D:1      | Learned a level 3 spell: Stone Arrow
  1046 | D:1      | Reached skill level 4 in Earth Magic
  1549 | D:2      | Reached skill level 1 in Fighting
  1755 | D:2      | Reached XP level 4. HP: 25/25 MP: 0/7
  3105 | D:2      | Found a runed translucent door.
  3106 | D:2      | Noticed Crazy Yiuf
  3154 | D:2      | Killed Crazy Yiuf
  3539 | D:3      | Found a bloodstained altar of Trog.
  3591 | D:3      | Found a stormy altar of Qazlal.
  3622 | D:3      | Reached XP level 5. HP: 26/29 MP: 9/9
  4307 | D:3      | Found a glowing golden altar of the Shining One.
  4309 | D:3      | Noticed an angel
  4319 | D:3      | Found a basalt altar of Yredelemnul.
  5543 | D:4      | Reached skill level 5 in Earth Magic
  5543 | D:4      | Reached XP level 6. HP: 35/35 MP: 6/10
  5548 | D:4      | Learned a level 4 spell: Petrify
  5695 | D:4      | Noticed a black bear
  5713 | D:4      | Reached skill level 1 in Shields
  5716 | D:4      | Killed a black bear
  5717 | D:4      | Reached skill level 1 in Conjurations
  5983 | D:5      | Entered Level 5 of the Dungeon
  5996 | D:5      | Reached XP level 7. HP: 38/40 MP: 4/12
  6767 | D:6      | Noticed Sigmund
  6776 | D:6      | Killed Sigmund
  6777 | D:6      | Reached skill level 6 in Earth Magic
  6812 | D:6      | Found a sacrificial altar of Ru.
  6842 | D:6      | Reached XP level 8. HP: 46/46 MP: 8/14
  7206 | D:6      | Found a glowing drain.
  7212 | Sewer    | Entered a sewer
  7527 | Sewer    | Found a white marble altar of Elyvilon.
  8553 | D:5      | Reached skill level 5 in Spellcasting
  8553 | D:5      | Reached skill level 7 in Earth Magic
  8770 | D:5      | Learned a level 5 spell: Lee's Rapid Deconstruction
  8795 | D:6      | Noticed Maggie
 10322 | D:6      | Killed Maggie
 10323 | D:6      | Reached skill level 5 in Stealth
 10323 | D:6      | Reached XP level 9. HP: 52/52 MP: 0/17
 11359 | D:6      | Found a staircase to the Ecumenical Temple.
 11536 | Temple   | Entered the Ecumenical Temple
 11552 | Temple   | Became a worshipper of Sif Muna the Loreminder
 11941 | D:7      | Reached skill level 8 in Earth Magic
 12429 | D:7      | Found a runed translucent gate.
 12430 | D:7      | Found a runed translucent gate.
 12431 | D:7      | Found a runed translucent gate.
 12437 | D:7      | Noticed Pepete's ghost (novice BaFi)
 12503 | D:7      | Noticed Joseph
 13229 | D:7      | Killed Joseph
 13230 | D:7      | Reached skill level 5 in Fighting
 13476 | D:7      | Reached XP level 10. HP: 58/59 MP: 1/19
 13495 | D:7      | Reached skill level 9 in Earth Magic
 13765 | D:7      | Reached * piety under Sif Muna
 14098 | D:7      | Reached skill level 1 in Invocations
 14120 | D:7      | Found the +8 whip "Snakebite" {curare, rPois}
 15096 | D:7      | Reached skill level 5 in Conjurations
 15547 | D:7      | Killed Pepete's ghost
 16070 | D:8      | Found a staircase to the Lair.
 16345 | D:8      | Reached ** piety under Sif Muna
 17095 | D:8      | Found a white marble altar of Elyvilon.
 17095 | D:8      | Found a radiant altar of Vehumet.
 17478 | D:9      | Reached skill level 10 in Earth Magic
 17703 | D:9      | Found a sparkling altar of Nemelex Xobeh.
 17764 | D:9      | Found an iron altar of Okawaru.
 18161 | D:10     | Entered Level 10 of the Dungeon
 18686 | D:10     | Noticed Josephine
 18699 | D:10     | Reached skill level 5 in Dodging
 19012 | D:10     | Killed Josephine
 19013 | D:10     | Reached XP level 11. HP: 42/64 MP: 1/22
 19271 | D:10     | Found a staircase to the Orcish Mines.
 19280 | D:10     | Found Ocix's Antique Weapon Emporium.
 20317 | D:10     | Noticed Grum
 20327 | D:10     | Killed Grum
 20617 | D:10     | Reached *** piety under Sif Muna
 22053 | D:11     | Reached skill level 11 in Earth Magic
 22279 | D:11     | Noticed a purple ugly thing
 22285 | D:11     | Killed a purple ugly thing
 22502 | D:11     | Noticed a manticore
 22892 | D:11     | Found the +4 skin of Zhor {Englaciate rC+++ SInv}
 22913 | D:11     | Noticed a deep troll earth mage
 23425 | D:11     | Noticed a centaur warrior
 23436 | D:11     | Killed a centaur warrior
 23835 | D:11     | Killed a deep troll earth mage
 24199 | D:11     | Killed a manticore
 24200 | D:11     | Reached XP level 12. HP: 45/72 MP: 4/25
 24650 | D:12     | Noticed Nessos
 24656 | D:12     | Killed Nessos
 24657 | D:12     | Reached skill level 5 in Invocations
 24659 | D:12     | Reached skill level 12 in Earth Magic
 25048 | D:12     | Found a portal to a secret trove of treasure.
 25255 | D:12     | Noticed Rupert
 25263 | D:12     | Paralysed by Rupert for 2 turns
 25271 | D:12     | Paralysed by Rupert for 2 turns
 25290 | D:12     | Mangled by Rupert

Illustrated notes

Levels and vault maps discovered:
D:1:      evilmike_arrival_home_sweet_home, layout_basic, serial_rivers,
          chequers_serial_rivers_small_b, chequers_serial_rivers_large_a,
          chequers_serial_rivers_large_b, chequers_serial_rivers_small_b,
          chequers_serial_rivers_micro_c, serial_bayou_pond_c,
          hangedman_decor_push
D:2:      layout_basic, uniq_crazy_yiuf_cottage
D:3:      layout_loops_corners, grunt_temple_overflow_holy_war,
          lemuel_coloured_pillars_altar, grunt_qazlal_sundering
D:4:      layout_basic
D:5:      layout_gridville, chequers_serial_rivers_micro_d,
          minmay_misc_feat_square
D:6:      layout_cave_pools, marbit_many_paths, temple_statues,
          gup_sewer_entry_bubbles, uniq_sigmund, uniq_maggie
D:7:      minmay_blocky_corners, layout_gridville, gammafunk_ghost_split,
          minmay_alternating_orb, uniq_joseph
D:8:      layout_cave_pools, minitemple, dpeg_oklobed_lair
D:9:      layout_irregular_city, general_overflow_altar, okawaru_trees_2,
          fungi_pond_lemuel
D:10:     cheibrodos_steamvent, layout_loops_ring, orc_0_dummy, serial_glass,
          glass_columns_a, glass_columns_a, serial_shops, shop,
          kennysheep_doodads, uniq_josephine, uniq_grum
D:11:     wad_statue_garden, layout_grid_maze, minmay_large_rounded_square,
          st_stairs_11, grunt_ministairs_1
D:12:     layout_grid_maze, enter_trove_2, moated_statue, uniq_rupert,
          uniq_nessos
Temple:   dshaligram_water_room_temple

Skill      XL: |  1  2  3  4  5  6  7  8  9 10 11 12 |
---------------+-------------------------------------+-----
Transmutations | 1 |  1.0
Earth Magic    | 4 5 6 7 8 10 11 12 | 12.2
Fighting       | 1 2 3 4 5 6 7 |  7.5
Dodging        | 2 3 4 5 6 |  6.0
Spellcasting   | 3 4 5 6 7 9 |  9.4
Stealth        | 3 4 5 |  5.0
Shields        | 1 3 4 |  4.0
Conjurations   | 1 2 3 4 5 6 7 |  7.1
Invocations    | 3 4 5 |  5.2

Action                   |  1- 3 |  4- 6 |  7- 9 | 10-12 || total
-------------------------+-------+-------+-------+-------++-------
Melee: Unarmed           |    41 |   141 |   244 |    28 ||   454
       Whip              |       |       |       |   194 ||   194
 Cast: Sandblast         |    61 |    71 |    88 |     3 ||   223
       Stone Arrow       |       |     8 |   128 |   315 ||   451
       Lee's Rapid Decon |       |       |     2 |     2 ||     4
       Petrify           |       |       |       |     2 ||     2
Evoke: Wand              |       |       |       |     8 ||     8
  Use: Scroll            |       |       |    10 |    14 ||    24
 Stab: Sleeping          |       |     2 |       |     3 ||     5
Armor: Robe              |    17 |    75 |   152 |   193 ||   437
       Animal skin       |       |       |       |     4 ||     4
Dodge: Dodged            |    46 |   114 |   259 |   293 ||   712
Block: Buckler           |       |     8 |    81 |   105 ||   194
